 Dungeon Crawl Stone Soup version 0.30-a0-953-g5f1da4a474 (webtiles) character file.

Game seed: 2713898261014939961

361 Dirtsage the Chopper (level 6, -5/47 HPs)
             Began as a Demonspawn Fighter on Mar 28, 2023.
             Slain by a killer bee (7 damage)
             ... on level 4 of the Dungeon.
             The game lasted 00:03:41 (1895 turns).

Dirtsage the Chopper (Demonspawn Fighter)           Turns: 1895, Time: 00:03:42

Health: -5/47      AC: 12    Str: 18    XL:     6   Next: 38%
Magic:  6/6        EV:  9    Int: 10    God:
Gold:   110        SH:  9    Dex: 12    Spells: 5/5 levels left

rFire   . . .      SeeInvis .    a - +0 war axe
rCold   . . .      Faith    .    c - +0 buckler
rNeg    . . .      Spirit   .    b - +0 scale mail
rPois   .          Reflect  +    (helmet restricted)
rElec   .          Rampage  .    (no cloak)
rCorr   .                        (no gloves)
Will    .....                    m - +2 pair of boots Stlth
                                 j - amulet of reflection
HPRegen 0.27/turn                (no ring)
MPRegen 0.10/turn                (no ring)

@: lethally poisoned (-5 -> -18)
A: horns 1, icy blue scales 2, foul stench 1
a: no special abilities


You were on level 4 of the Dungeon.
You visited 1 branch of the dungeon, and saw 4 of its levels.

You collected 110 gold pieces.

Inventory:

Hand Weapons
 a - a +0 war axe (weapon)
Armour
 b - a +0 scale mail (worn)
 c - a +0 buckler (worn)
 m - a +2 pair of boots (worn)
Magical Staves
 o - a staff of air
Jewellery
 j - an amulet of reflection (around neck)
Scrolls
 f - a scroll of fear {unknown}
 h - a scroll of immolation {unknown}
 i - 2 scrolls of teleportation {unknown}
 k - a scroll of enchant armour {unknown}
 n - a scroll of amnesia {unknown}
Potions
 d - a potion of might
 e - 4 potions of curing {unknown}
 g - 2 potions of attraction {unknown}
 l - a potion of magic {unknown}


   Skills:
 - Level 3.0 Fighting
 + Level 6.3 Axes
 - Level 2.6 Armour
 - Level 2.6 Shields


You had 5 spell levels left.
You didn't know any spells.
Your spell library contained the following spells:

 Spells                   Type           Power      Damage    Failure   Level
 Magic Dart               Conj           0%         1d3       85%         1
 Shock                    Conj/Air       0%         1d3       85%         1
 Call Imp                 Summ           0%         N/A       94%         2
 Mephitic Cloud           Conj/Pois/Air  0%         N/A       99%         3
 Swiftness                Air            0%         N/A       99%         3
 Airstrike                Air            0%         2d(0-16)  100%        4


Dungeon Overview and Level Annotations

Branches:
Dungeon (4/15)
 Temple: D:4-7

Altars:
Fedhas
Sif Muna


Innate Abilities, Weirdness & Mutations

You have a pair of small horns on your head.
You are mostly covered in icy blue scales. (AC +3)
You may rarely emit foul miasma when damaged in melee.


Message History

The killer bee stings you but does no damage.
The killer bee stings you.
You are more poisoned.
The killer bee poisons you! You block the killer bee's attack.
The killer bee barely misses you.
You take 10 damage, and have 25/47 hp.
MASSIVE DAMAGE!!
You are too injured to fight recklessly!
You are too injured to fight recklessly!
You are too injured to fight recklessly!
You are too injured to fight recklessly!
You barely miss the killer bee. Your headbutt misses the killer bee.
The killer bee is heavily wounded.
You closely miss the killer bee. You hit the killer bee.
You feel very sick.
The killer bee stings you but does no damage.
The killer bee closely misses you. You block the killer bee's attack.
The killer bee stings you.
You are lethally poisoned!
The killer bee poisons you! The killer bee barely misses you. x2
The killer bee stings you but does no damage.
The killer bee barely misses you. The killer bee stings you.
* * * LOW HITPOINT WARNING * * *
You take 13 damage, and have 12/47 hp.
MASSIVE DAMAGE!!
You closely miss the killer bee.
The killer bee is heavily wounded.
You hit the killer bee. You barely miss the killer bee.
* * * LOW HITPOINT WARNING * * *
You feel extremely sick. The killer bee barely misses you.
You block the killer bee's attack.
The killer bee stings you but does no damage. x2
The killer bee closely misses you.
The killer bee stings you but does no damage.
You take 6 damage, and have 6/47 hp.
You closely miss the killer bee.
The killer bee is heavily wounded.
You closely miss the killer bee. You miss the killer bee.
* * * LOW HITPOINT WARNING * * *
You feel very sick. The killer bee stings you!
You die...

...........#
.###....#..# .....#
........###.# .....##
........###.># ?......
.........###.## .......
.....##..##...###..(....
......#...###..........#
................yy.....#
..............#.@°O....#
.............†#..y......
........................
............#........#.
............##.........
............####....##.
...........# #.###
....... .# ....... ..


You could see an ogre and 3 killer bees.

Vanquished Creatures
  A phantom (D:4)
  A killer bee (D:4)
  A gnoll bouda (D:4)
  An orc priest (D:3)
  An orc wizard (D:3)
  Ijyb (D:3)
  3 gnolls (D:4)
  4 adders
  3 worms
  2 dart slugs
  4 orcs
  3 bats
  3 endoplasms
  2 giant cockroaches
  7 goblins
  6 hobgoblins
  4 quokkas
  3 ball pythons
  A frilled lizard (D:3)
  3 kobolds
  2 rats
56 creatures vanquished.

Notes
Turn   | Place    | Note
-------+----------+-------------------------------------------
     0 | D:1      | Dirtsage the Demonspawn Fighter began the quest for the
                  | Orb.
     0 | D:1      | Reached XP level 1. HP: 18/18 MP: 1/1
    57 | D:1      | Reached skill level 2 in Axes
   109 | D:1      | Gained mutation: You may rarely emit foul miasma when
                  | damaged in melee. [demonic ancestry]
   109 | D:1      | Reached XP level 2. HP: 14/24 MP: 2/2
   498 | D:2      | Reached skill level 3 in Axes
   498 | D:2      | Gained mutation: You have a pair of small horns on your
                  | head. [demonic ancestry]
   498 | D:2      | Reached XP level 3. HP: 24/29 MP: 3/3
  1005 | D:3      | Reached skill level 4 in Axes
  1005 | D:3      | Reached XP level 4. HP: 35/35 MP: 4/4
  1101 | D:3      | Gained mutation: You are partially covered in icy blue
                  | scales. (AC +2) [demonic ancestry]
  1101 | D:3      | Reached XP level 5. HP: 41/41 MP: 5/5
  1381 | D:3      | Noticed Ijyb
  1382 | D:3      | Paralysed by Ijyb for 4 turns
  1396 | D:3      | Killed Ijyb
  1397 | D:3      | Reached skill level 5 in Axes
  1765 | D:4      | Noticed a phantom
  1782 | D:4      | Killed a phantom
  1783 | D:4      | Reached skill level 6 in Axes
  1783 | D:4      | Gained mutation: You are mostly covered in icy blue scales.
                  | (AC +3) [demonic ancestry]
  1783 | D:4      | Reached XP level 6. HP: 42/47 MP: 6/6
  1803 | D:4      | Found a blossoming altar of Fedhas.
  1814 | D:4      | Found a shimmering blue altar of Sif Muna.
  1895 | D:4      | HP: 2/47 [poisoned by a killer bee]
  1895 | D:4      | Slain by a killer bee

Illustrated notes

Levels and vault maps discovered:
D:1:      sevenhm_arrival_forest_fort_small_6, layout_basic
D:2:      layout_rooms
D:3:      layout_basic, minivault_11, uniq_ijyb
D:4:      layout_cave_pools, mainiacjoe_overflow_cross_hatched,
          nemelex_dance_club_becter, nicolae_ru_sacrificial_ziggurat,
          lemuel_tele_altar, minmay_temple_entry_purple_smoke,
          gup_sewer_entry_glass, uniq_blork_the_orc

Skill      XL: |  1  2  3  4  5 |
---------------+----------------+-----
Axes           | 2 3 4 6 |  6.3
Fighting       | |  3.0
Armour         | |  2.6
Shields        | |  2.6

Action                     |  1- 3 |  4- 6 || total
---------------------------+-------+-------++-------
  Melee: War axe           |    80 |    77 ||   157
         Headbutt          |     6 |    13 ||    19
    Use: Potion            |       |     1 ||     1
 Armour: Scale mail        |    28 |    41 ||    69
  Dodge: Dodged            |    24 |    34 ||    58
  Block: Buckler           |    20 |    37 ||    57

Table legend: (Time is in decaauts)
 A = Elapsed time spent in this place.
 B = Non-inter-level travel time spent in this place.
 C = Inter-level travel time spent in this place.
 D = Time resting spent in this place.
 E = Time spent auto-exploring this place.
 F = Levels seen in this place.
 G = Mean time per level.
                   A        B        C        D        E       F      G
               +--------+--------+--------+--------+--------+-----+--------+
         Total |   1947 |   1909 |     38 |     38 |   1489 |   4 |  486.8 |
       Dungeon |   1947 |   1909 |     38 |     38 |   1489 |   4 |  486.8 |
               +--------+--------+--------+--------+--------+-----+--------+

Top non-repeatable levels by time:
     D:3: 819 daAuts
     D:1: 501 daAuts
     D:2: 428 daAuts
     D:4: 196 daAuts
